 Dungeon Crawl Stone Soup version 0.27-a0-333-gfa571bf19a (webtiles) character file.

Game seed: 11121779926300706430

216 siradein the Caller (level 5, -12/35 HPs)
             Began as a Merfolk Summoner on Feb 12, 2021.
             Shot with an arrow by a centaur (13 damage)
             ... on level 4 of the Dungeon.
             The game lasted 00:19:37 (3748 turns).

siradein the Caller (Merfolk Summoner)              Turns: 3748, Time: 00:19:38

Health: -12/35     AC:  2    Str:  8    XL:     5   Next: 93%
Magic:  15/17      EV: 13    Int: 16    God:
Gold:   146        SH:  0    Dex: 14    Spells: 2/8 levels left

rFire    . . .     SeeInvis .   g - +1 whip (elec)
rCold    . . .     Faith    .   (no shield)
rNeg     . . .     Spirit   .   a - +0 robe
rPois    .         Reflect  .   (no helmet)
rElec    .         Harm     .   (no cloak)
rCorr    .         Rampage  .   (no gloves)
Will     .....                  (no boots)
Stlth    +.........             m - amulet of the acrobat
HPRegen  0.11/turn              b - ring of magical power
MPRegen  0.15/turn              (no ring)

@: confused
A: change form in water, swift swim, stealthy swim
a: no special abilities


You were on level 4 of the Dungeon.
You visited 1 branch of the dungeon, and saw 4 of its levels.

You collected 146 gold pieces.

Inventory:

Hand Weapons
 f - a +2 dagger of distortion
 g - a +1 whip of electrocution (weapon)
 k - a +3 spear
Armour
 a - a +0 robe (worn)
 n - a scarf of harm
Jewellery
 b - a ring of magical power (left hand)
 m - an amulet of the acrobat (around neck)
Wands
 e - a wand of flame (15)
Scrolls
 c - 8 scrolls of identify
 h - 3 scrolls of teleportation {unknown}
 j - a scroll of immolation {unknown}
 l - a scroll of magic mapping {unknown}
Potions
 d - 2 potions of curing
 i - 2 potions of lignification {unknown}


   Skills:
 - Level 2.6 Dodging
 - Level 2.1 Stealth
 - Level 2.0 Spellcasting
 + Level 7.0 Summonings


You had 2 spell levels left.
You knew the following spells:

 Your Spells              Type           Power        Failure   Level
a - Summon Small Mammal   Summ           96%          1%          1
b - Call Imp              Summ           24%          1%          2
c - Call Canine Familiar  Summ           24%          3%          3

Your spell library contained the following spells:

 Spells                   Type           Power        Failure   Level
 Summon Guardian Golem    Hex/Summ       12%          14%         3
 Summon Ice Beast         Ice/Summ       12%          43%         4
 Summon Lightning Spire   Summ/Air       12%          43%         4


Dungeon Overview and Level Annotations

Branches:
Dungeon (4/15)
 Temple: D:4-7

Altars:
Ru


Message History

The magic dart hits you!
* * * LOW HITPOINT WARNING * * *
Your crimson imp hits the orc.
The centaur wields a +0 shortbow.
The centaur shoots an arrow.
The arrow hits your white imp!!
Your white imp dies!
Your hound bites something.
You hear a shout!
Things that are here:
a +0 whip; a +0 ring mail; an orc corpse You feel better.
Your hound seems less confused.
The howler monkey closely misses your crimson imp.
Your hound bites something.
The centaur shoots an arrow.
The arrow hits you.
* * * LOW HITPOINT WARNING * * *
You hear some strange, mumbled words.
Something tries to affect you, but you resist.
Your crimson imp barely misses the orc.
The orc barely misses you.
Your hound barely misses something.
The howler monkey hoots and howls with incredible vigour!
Your crimson imp hits the orc.
The howler monkey hits your crimson imp.
A giant cockroach comes into view.
You barely miss the orc.
The orc is almost dead.
The centaur shoots an arrow.
The arrow hits you.
* * * LOW HITPOINT WARNING * * *
Your hound bites something but does no damage.
You hear some strange, mumbled words.
You are confused.
The orc hits you.
* * * LOW HITPOINT WARNING * * *
The centaur shoots an arrow.
The arrow hits you.
* * * LOW HITPOINT WARNING * * *
Are you sure you want to stumble around while confused and next to your crimson imp? [Y]es or [N]o only, please.
Are you sure you want to stumble around while confused and next to your crimson imp?
You miss your crimson imp.
Your crimson imp disappears in a puff of smoke!
Your hound misses something.
The centaur shoots an arrow.
The arrow hits you!
You die...

###. ......... #...
......... ##.
#..#######........
..c###.......##.>......
....#..........B......# ##
...............[......$#..
.......................>..
#......))......†..#....##.
#.....h).@.#......###.##..
#......h§o.##.......#..#..
##.........##.............
##.......................
#.......#...............)
##....#.#................
#######...........####..
#.......#.### #..
##......#.# #....


You could see a centaur, a howler monkey (catching breath), an orc, a giant
cockroach and a friendly hound (summoned).

Vanquished Creatures
  2 adders (D:3)
  A dart slug (D:4)
  An orc (D:4)
  2 bats (D:3)
  A goblin (D:3)
  2 jackals (D:3)
  A quokka (D:3)
  A frilled lizard (D:3)
  2 kobolds (D:3)
  A bush (D:3)
14 creatures vanquished.

Vanquished Creatures (collateral kills)
  Sigmund (D:2)
  An orc priest (D:3)
  Terence (D:2)
  An orc wizard (D:2)
  A gnoll (D:1)
  2 adders (D:2)
  An ooze (D:1)
  2 worms
  A dart slug (D:3)
  2 leopard geckos
  8 orcs
  6 bats
  3 giant cockroaches
  6 hobgoblins (D:1)
  A jackal (D:3)
  A ball python (D:1)
  6 frilled lizards
  7 goblins
  4 kobolds
  5 rats
60 creatures vanquished.

Vanquished Creatures (others)
  2 plants (D:3)
2 creatures vanquished.

Grand Total: 76 creatures vanquished

Notes
Turn   | Place    | Note
-------+----------+-------------------------------------------
     0 | D:1      | siradein the Merfolk Summoner began the quest for the Orb.
     0 | D:1      | Reached XP level 1. HP: 13/13 MP: 3/3
   292 | D:1      | Reached XP level 2. HP: 19/19 MP: 5/5
   301 | D:1      | Learned a level 2 spell: Call Imp
   793 | D:1      | Reached XP level 3. HP: 21/24 MP: 6/6
  1095 | D:2      | Reached skill level 5 in Summonings
  1185 | D:2      | Found a sacrificial altar of Ru.
  1572 | D:2      | Noticed Sigmund
  1589 | D:2      | Killed Sigmund
  1590 | D:2      | Reached skill level 6 in Summonings
  1590 | D:2      | Reached XP level 4. HP: 21/30 MP: 7/7
  1590 | D:2      | Reached XP level 5. HP: 24/35 MP: 7/8
  1863 | D:2      | Noticed Terence
  1915 | D:2      | Killed Terence
  2502 | D:2      | Learned a level 3 spell: Call Canine Familiar
  3735 | D:4      | Reached skill level 7 in Summonings
  3743 | D:4      | Noticed a centaur
  3747 | D:4      | HP: 1/35 [centaur/arrow (4)]
  3748 | D:4      | Shot with an arrow by a centaur

Illustrated notes

Levels and vault maps discovered:
D:1:      dpeg_arrival_lava_temple_mockup, layout_rooms, grunt_decor_cap
D:2:      layout_basic, nicolae_ru_awakened_eye, uniq_terence, uniq_sigmund
D:3:      layout_rooms, serial_forest, infiniplex_forest_lined_2,
          infiniplex_forest_clump_medium, infiniplex_forest_lined_3,
          infiniplex_forest_end_2, infiniplex_forest_corner_2,
          infiniplex_forest_pool, infiniplex_forest_lined_3_way
D:4:      layout_cave_pools, lemuel_round_altar, temple_pool_b

Skill      XL: |  1  2  3  4  5 |
---------------+----------------+-----
Summonings     | 6 7 |  7.0
Dodging        | |  2.6
Stealth        | |  2.1
Spellcasting   | |  2.0

Action                   |  1- 3 |  4- 6 || total
-------------------------+-------+-------++-------
Melee: Unarmed           |     1 |       ||     1
       Whip              |       |    65 ||    65
       Spear             |       |    16 ||    16
 Cast: Summon Small Mamm |    22 |       ||    22
       Call Imp          |    32 |    38 ||    70
       Call Canine Famil |       |     7 ||     7
  Use: Potion            |       |     2 ||     2
       Scroll            |       |     1 ||     1
 Stab: Sleeping          |       |     2 ||     2
Armor: Robe              |     8 |    10 ||    18
Dodge: Dodged            |    22 |    63 ||    85

Table legend: (Time is in decaauts)
 A = Elapsed time spent in this place.
 B = Non-inter-level travel time spent in this place.
 C = Inter-level travel time spent in this place.
 D = Time resting spent in this place.
 E = Time spent auto-exploring this place.
 F = Levels seen in this place.
 G = Mean time per level.
                   A        B        C        D        E       F      G
               +--------+--------+--------+--------+--------+-----+--------+
         Total |   3748 |   3642 |    106 |      3 |   2766 |   4 |  937.0 |
       Dungeon |   3748 |   3642 |    106 |      3 |   2766 |   4 |  937.0 |
               +--------+--------+--------+--------+--------+-----+--------+

Top non-repeatable levels by time:
     D:2: 1699 daAuts
     D:1: 1072 daAuts
     D:3: 894 daAuts
     D:4: 81 daAuts
